 Dungeon Crawl Stone Soup version 0.27.0-1-g7a089689b8 (webtiles) character file.

Game seed: 6186168606326083473

115 trckry the Chopper (level 5, -3/37 (45) HPs)
             Began as a Hill Orc Abyssal Knight on Aug 9, 2021.
             Was a Follower of Lugonu.
             Slain by an orc priest (6 damage)
             ... on level 3 of the Dungeon.
             The game lasted 00:04:23 (2605 turns).

trckry the Chopper (Hill Orc Abyssal Knight)        Turns: 2605, Time: 00:04:23

HP:   -3/37 (45)    AC:  4    Str: 16    XL:     5   Next: 0%
MP:   7/7           EV: 11    Int: 12    God:    Lugonu [*.....]
Gold: 56            SH:  5    Dex: 10    Spells: 4/4 levels left

rFire    . . .     SeeInvis .   a - +1 hand axe
rCold    . . .     Faith    .   (no shield)
rNeg     . . .     Spirit   .   b - +0 leather armour
rPois    .         Reflect  +   (no helmet)
rElec    .         Harm     .   (no cloak)
rCorr    .         Rampage  .   (no gloves)
Will     .....                  l - +0 pair of boots
Stlth    +.........             g - amulet of reflection
HPRegen  0.12/turn              (no ring)
MPRegen  0.10/turn              (no ring)

@: heavily drained
A: no striking features
a: Renounce Religion, Convert to Beogh, Depart the Abyss


You were on level 3 of the Dungeon.
You worshipped Lugonu.
Lugonu was aware of your devotion.
You visited 1 branch of the dungeon, and saw 3 of its levels.
You visited the Abyss 1 time.

You collected 56 gold pieces.

Inventory:

Hand Weapons
 a - a +1 hand axe (weapon)
Armour
 b - a +0 leather armour (worn)
 l - a +0 pair of boots (worn)
Jewellery
 g - an amulet of reflection (around neck)
Scrolls
 e - a scroll of noise {unknown}
 f - a scroll of magic mapping {unknown}
 h - a scroll of fog {unknown}
 j - a scroll of enchant armour {unknown}
Potions
 c - a potion of mutation {unknown}
 d - a potion of degeneration {unknown}
 i - a potion of attraction {unknown}
 k - 2 potions of flight {unknown}


   Skills:
 - Level 3.6 Fighting
 * Level 5.1 Axes
 + Level 3.2 Armour
 - Level 0.7 Dodging
 + Level 3.8 Invocations


You had 4 spell levels left.
You didn't know any spells.
Your spell library contained the following spells:

 Spells                   Type           Power      Damage    Failure   Level
 Sandblast                Erth           0%         2d4       36%         1
 Passwall                 Tmut/Erth      0%         N/A       52%         2
 Lee's Rapid Deconstruct  Erth           0%         3d5*      100%        5


Dungeon Overview and Level Annotations

Branches:
Dungeon (3/15)

Altars:


Message History

You kill the orc!
Lugonu accepts your kill.
You have reached level 5!
You feel stronger.
You regained 2 hp, and now have 11/42 hp.
MP restored: 7
Press: ? - help, v - describe, . - travel, g - get item
Here: an orc priest, wielding a +1 hand axe of draining (lightly wounded)
Items here: a +0 hand axe; a +0 leather armour; an orc corpse.
The floor.
You closely miss the orc priest.
The orc priest is lightly wounded.
The orc priest hits you with a +1 hand axe of draining.
* * * LOW HITPOINT WARNING * * *
You feel drained.
You take 3 damage, and have 8/41 hp.
You closely miss the orc priest.
The orc priest is lightly wounded.
The orc priest hits you but does no damage.
You feel drained.
The orc priest shouts, "Join the one true god or die!"
You hit the orc priest but do no damage.
The orc priest is lightly wounded.
The orc priest hits you but does no damage.
You feel drained.
You barely miss the orc priest.
The orc priest is lightly wounded.
You block the orc priest's attack.
You hit the orc priest.
The orc priest is severely wounded.
The orc priest hits you with a +1 hand axe of draining.
* * * LOW HITPOINT WARNING * * *
You feel drained.
* * * LOW HITPOINT WARNING * * *
You take 5 damage, and have 3/37 hp.
You closely miss the orc priest.
The orc priest is severely wounded.
The orc priest shouts, "Join the one true god or die!"
The orc priest hits you with a +1 hand axe of draining.
You die...

....#####.##...# #....#
.....# ....# #.##...#
#....# .....# #...#
#†##...#####....##o..$.#
#...#
#...............'o.....#
#...#
#.#########.....##.....#
#...# #.# #.##### ######
##### #.# #.# #
#.#########.######
#.......@o)).....#
##################


You could see an orc priest.

Vanquished Creatures
  An orc priest (D:3)
  An adder (D:3)
  A worm (D:2)
  2 dart slugs
  An orc (D:3)
  6 ball pythons
  5 bats
  7 endoplasms
  2 giant cockroaches (D:1)
  5 goblins
  7 hobgoblins
  6 jackals
  2 quokkas (D:1)
  4 frilled lizards (D:2)
  9 kobolds
  2 rats
61 creatures vanquished.

Notes
Turn   | Place    | Note
-------+----------+-------------------------------------------
     0 | Abyss:1  | trckry the Hill Orc Abyssal Knight began the quest for the
                  | Orb.
     0 | Abyss:1  | Reached XP level 1. HP: 19/19 MP: 2/2
    30 | Abyss:1  | Noticed a fire giant simulacrum
    34 | D:1      | Escaped the Abyss
    67 | D:1      | Reached skill level 3 in Axes
    71 | D:1      | Reached XP level 2. HP: 23/26 MP: 4/4
   214 | D:1      | Reached * piety under Lugonu
   418 | D:1      | Found a faded altar of an unknown god.
   452 | D:1      | Reached XP level 3. HP: 20/31 MP: 5/5
   849 | D:1      | Reached skill level 4 in Axes
  1566 | D:2      | Reached XP level 4. HP: 17/39 MP: 6/6
  2586 | D:3      | Reached skill level 5 in Axes
  2599 | D:3      | Reached XP level 5. HP: 11/42 MP: 7/7
  2603 | D:3      | HP: 4/39 [orc priest (4)]
  2605 | D:3      | Slain by an orc priest

Illustrated notes

Levels and vault maps discovered:
D:1:      lightli_molten_gateway, layout_basic,
          shapermc_ecumenical_altar_starsandcircs
D:2:      layout_loops_ring
D:3:      layout_basic, gup_sewer_entry_spiral

Skill      XL: |  1  2  3  4 |
---------------+-------------+-----
Axes           | 3 4 5 |  5.1
Invocations    | 3 |  3.8
Armour         | 3 |  3.2
Fighting       | |  3.6
Dodging        | |  0.7

Action                   |  1- 3 |  4- 6 || total
-------------------------+-------+-------++-------
Melee: Hand axe          |   119 |    68 ||   187
Invok: Depart the Abyss  |     1 |       ||     1
Armor: Leather armour    |    59 |    12 ||    71
Dodge: Dodged            |    97 |    22 ||   119
Block: Other             |     9 |    15 ||    24
       Reflection        |       |     1 ||     1
